 Dungeon Crawl Stone Soup version 0.27.1-1-g398f81649c (webtiles) character file.

Game seed: 16651325212513719611

887 MajorAdolf the Skirmisher (level 8, 0/69 HPs)
             Began as a Naga Wanderer on Sept 12, 2021.
             Slain by a manticore (21 damage)
             ... on level 7 of the Dungeon.
             The game lasted 00:09:29 (7285 turns).

MajorAdolf the Skirmisher (Naga Wanderer)           Turns: 7285, Time: 00:09:29

Health: 0/69       AC:  8    Str: 24    XL:     8   Next: 5%
Magic:  9/9        EV:  6    Int: 13    God:
Gold:   248        SH:  9    Dex:  9    Spells: 9/9 levels left

rFire    . . .     SeeInvis +   r - +0 dagger (elec)
rCold    . . .     Faith    .   u - +0 kite shield
rNeg     . . .     Spirit   .   b - +2 scale mail
rPois    +         Reflect  .   (no helmet)
rElec    .         Harm     .   (no cloak)
rCorr    +         Rampage  .   (no gloves)
Will     +....                  (no barding)
Stlth    ..........             (no amulet)
HPRegen  0.21/turn              k - ring of resist corrosion
MPRegen  0.11/turn              o - +6 ring of strength

@: short of breath, very slow
A: AC +2, large, see invisible, deformed body, poison resistance, slowness 2,
spit poison 1, naga tail 1
a: Spit Poison


You were on level 7 of the Dungeon.
You visited 1 branch of the dungeon, and saw 8 of its levels.

You collected 248 gold pieces.

Inventory:

Hand Weapons
 a - a +0 hand crossbow
 f - a +0 dagger
 i - a +0 dagger of pain
 n - a +0 long sword
 r - a +0 dagger of electrocution (weapon)
 y - a +2 short sword of venom
Missiles
 c - 70 bolts
 g - 158 stones (quivered)
 x - a curare-tipped dart
Armour
 b - a +2 scale mail (worn)
 u - a +0 kite shield (worn)
Magical Staves
 j - a staff of fire
Jewellery
 k - a ring of resist corrosion (left hand)
 o - a +6 ring of strength (right hand)
 t - a +6 ring of strength
Wands
 h - a wand of digging (4)
 A - a wand of polymorph (5)
Scrolls
 e - a scroll of noise {unknown}
 l - a scroll of immolation {unknown}
 m - a scroll of enchant armour {unknown}
 p - 5 scrolls of identify {unknown}
 v - a scroll of fog {unknown}
 z - a scroll of fear {unknown}
Potions
 s - a potion of degeneration {unknown}
 w - a potion of flight


   Skills:
 + Level 3.5 Fighting
 + Level 3.1 Short Blades
 - Level 1.0 Crossbows
 + Level 3.5 Armour
 + Level 3.0 Dodging
 - Level 1.5 Stealth
 + Level 2.3 Shields
 - Level 1.0 Spellcasting
 - Level 1.0 Summonings
 - Level 3.0 Translocations
 + Level 3.2 Evocations


You had 9 spell levels left.
You didn't know any spells.
Your spell library contained the following spells:

 Spells                   Type           Power      Damage    Failure   Level
 Conjure Flame            Conj/Fire      0%         6-21      100%        3
 Ignite Poison            Fire/Tmut/Pois 0%         N/A       100%        3
 Stone Arrow              Conj/Erth      0%         3d7       100%        3
 Airstrike                Air            0%         N/A       100%        4
 Hailstorm                Conj/Ice       0%         3d3       100%        4
 Ice Form                 Ice/Tmut       0%         N/A       100%        4
 Sticky Flame             Conj/Fire      0%         2d3       100%        4
 Summon Lightning Spire   Summ/Air       1%         N/A       100%        4
 Bolt of Magma            Conj/Fire/Erth 0%         4d4       100%        5
 Lightning Bolt           Conj/Air       0%         1d11      100%        5
 Simulacrum               Ice/Necr       0%         N/A       100%        6
 Shatter                  Erth           0%         3d5*      100%        9


Dungeon Overview and Level Annotations

Branches:
Dungeon (8/15)
 Temple: D:4-7         Lair: D:8-11

Altars:
Elyvilon
Gozag

Annotations:
D:4 1 runed translucent door, YannSP's ghost, amateur HOMo
D:6 Edmund
D:7 1 runed translucent door, Crazy Yiuf


Innate Abilities, Weirdness & Mutations

Your serpentine skin is tough. (AC +2)
You have supernaturally acute eyesight. (SInv)
Armour fits poorly on your strangely shaped body.
Your system is resistant to poisons. (rPois)
You cover ground very slowly.
You can spit poison.
You have a snake-like lower body.


Message History

You feel strangely unstable.
The manticore flicks its tail.
The volley of spikes hits you!
The barbed spikes become lodged in your body.
* * * LOW HITPOINT WARNING * * *
Unknown command.
The manticore flicks its tail.
The volley of spikes hits you!
The barbed spikes become lodged in your body.
* * * LOW HITPOINT WARNING * * *
Unknown command.
Unknown command.
Your surroundings suddenly seem different.
Unknown command.
You start resting.
An iguana comes into view.
An iguana is nearby!
The barbs in your skin will harm you if you move.
Continue?
Okay, then.
Unknown command.
The iguana hisses angrily.
Press: ? - help, Shift-Dir - straight line, f - iguana
Aim: an iguana The splash of poison hits the iguana!
The iguana is poisoned.
The iguana is heavily wounded.
Unknown command.
You feel better.
Unknown command.
Okay, then.
You hit the iguana but do no damage. Lightning courses through the iguana!
You kill the iguana!
You block the manticore's attack. The manticore barely misses you.
The manticore claws you but does no damage.
Unknown command.
You hit the manticore but do no damage.
Lightning courses through the manticore!
The manticore is moderately wounded.
You carefully extract the barbed spikes from your body.
The manticore bites you!!
You die...

......###..# ###........
##....####.###.'........
......#.....##.#........
......#.....##.#........
#......#)#........
#....#.#.#........
#....#.)......####
#†...##...#.##....
#@...##...#.##.### #....g
#.H..###.......# #
#.....##...........#### #
#.....g#.....##..#.######
.......#####..#..........
....... ##.#.#..######
....... #.#.#.>......
.......######)#..#.......
.........!.H)<...#.......


You could see a manticore.

Vanquished Creatures
  An ogre (D:4)
  A phantom (D:5)
  A kobold brigand (D:4)
  A bullfrog (D:7)
  2 scorpions
  A howler monkey (D:5)
  A hound (D:4)
  A jelly (D:4)
  2 bullfrog skeletons
  A gnoll shaman (D:7)
  2 iguanas
  An orc wizard (D:7)
  A killer bee zombie (D:7)
  A howler monkey skeleton (D:5)
  9 gnolls
  An adder (D:5)
  A white imp (D:5)
  An adder skeleton (D:3)
  A worm (D:2)
  A dart slug (D:2)
  An orc (D:4)
  12 endoplasms
  4 giant cockroaches
  6 goblins
  4 hobgoblins
  9 jackals
  4 quokkas
  4 ball pythons
  5 bats
  8 frilled lizards
  16 kobolds
  7 rats
111 creatures vanquished.

Vanquished Creatures (others)
  A quokka (D:5)
  11 plants (D:1)
12 creatures vanquished.

Grand Total: 123 creatures vanquished

Notes
Turn   | Place    | Note
-------+----------+-------------------------------------------
     0 | D:1      | MajorAdolf the Naga Wanderer began the quest for the Orb.
     0 | D:1      | MajorAdolf set off with the following items: a +0 hand
                  | crossbow, a +2 scale mail, 29 bolts, a scroll of
                  | teleportation
     0 | D:1      | Reached XP level 1. HP: 15/15 MP: 2/2
   229 | D:1      | Reached XP level 2. HP: 17/24 MP: 3/3
   430 | D:1      | Found a faded altar of an unknown god.
   520 | D:1      | Reached skill level 1 in Fighting
   650 | D:1      | Reached skill level 1 in Dodging
   650 | D:1      | Reached XP level 3. HP: 20/31 MP: 4/4
  1973 | D:2      | Found an opulent altar of Gozag.
  2228 | D:2      | Reached XP level 4. HP: 39/39 MP: 5/5
  3356 | D:3      | Noticed a scorpion
  3368 | D:3      | HP: 2/58 [poisoned by a scorpion]
  3377 | D:3      | Killed a scorpion
  3378 | D:3      | Reached skill level 1 in Short Blades
  3378 | D:3      | Reached XP level 5. HP: 15/45 MP: 6/6
  4864 | D:4      | Noticed a kobold brigand
  4874 | D:4      | Killed a kobold brigand
  4875 | D:4      | Reached skill level 1 in Shields
  4875 | D:4      | Reached XP level 6. HP: 48/55 MP: 7/7
  5629 | D:4      | Reached XP level 7. HP: 43/61 MP: 8/8
  5770 | D:4      | Found a runed translucent door.
  5770 | D:4      | Noticed YannSP's ghost (amateur HOMo)
  5893 | D:5      | Entered Level 5 of the Dungeon
  6158 | D:5      | Found a white marble altar of Elyvilon.
  6585 | D:5      | You fall into a shaft and drop 3 floors!
  7092 | D:7      | Found a runed translucent door.
  7093 | D:7      | Noticed Crazy Yiuf
  7185 | D:7      | Noticed a wyvern
  7257 | D:6      | Noticed Edmund
  7267 | D:7      | Noticed a manticore
  7268 | D:7      | Reached XP level 8. HP: 64/69 MP: 9/9
  7285 | D:7      | Slain by a manticore

Illustrated notes

Levels and vault maps discovered:
D:1:      dpeg_arrival_leaves_temple_mockup, layout_basic,
          hellmonk_ecumenical_altar_lost_god, lexackson_kobold_supper
D:2:      layout_basic, serial_co_window_serial, co_window_of_opportunity_a,
          co_window_corner_a, co_window_corner_a, co_window_paths_b,
          co_window_paths_a, co_window_broadway_b, co_window_broadway_b,
          co_window_broadway_b, co_window_paths_d, co_window_sun,
          glass_columns_c, glass_columns_a, glass_columns_c, glass_columns_c,
          basic_altar, minmay_ruptured
D:3:      layout_basic
D:4:      layout_gridville, ebering_ghost_reflecting_pool
D:5:      layout_basic, elyvilon_altar_4
D:6:      kennysheep_kobold_camp, layout_basic, nzn_wu_jian_contemplation,
          minmay_temple_entry_antechambers, serial_shops, shop, uniq_edmund
D:7:      layout_basic, nicolae_gozag_zags_fifth_avenue,
          hangedman_abyss_or_decor_stagger, uniq_crazy_yiuf_cottage
D:8:      layout_gridville, grunt_lair_entry_orc_guard_hut, uniq_harold

Skill      XL: |  1  2  3  4  5  6  7  8 |
---------------+-------------------------+-----
Fighting       | 1 2 3 |  3.5
Armour         | 2 3 |  3.5
Dodging        | 1 2 3 |  3.0
Short Blades   | 1 2 3 |  3.1
Shields        | 1 2 |  2.3
Evocations     | 2 3 |  3.2
Crossbows      | |  1.0
Stealth        | |  1.5
Spellcasting   | |  1.0
Summonings     | |  1.0
Translocations | |  3.0

Action                   |  1- 3 |  4- 6 |  7- 9 || total
-------------------------+-------+-------+-------++-------
Melee: Dagger            |   195 |   145 |   131 ||   471
Throw: Stone             |    54 |     9 |       ||    63
 Abil: Spit Poison       |    15 |    11 |     7 ||    33
  Use: Potion            |       |     3 |     1 ||     4
       Scroll            |       |       |     1 ||     1
Armor: Scale mail        |   136 |    69 |    43 ||   248
       Skin              |       |    18 |       ||    18
Dodge: Dodged            |    86 |    28 |    27 ||   141
Block: Kite shield       |       |    60 |    51 ||   111
